 Dungeon Crawl Stone Soup version 0.22-a0-515-g75794bf (webtiles) character file.

29 Amnesiac the Ducker (level 3, -2/19 HPs)
             Began as a Spriggan Monk on June 19, 2018.
             Killed by divine providence
             ... invoked by an orc priest
              (16 damage)
             ... on level 5 of the Dungeon.
             The game lasted 00:03:32 (1117 turns).

Amnesiac the Ducker (Spriggan Monk)                 Turns: 1117, Time: 00:03:33

Health: -2/19      AC:  2    Str:  8    XL:     3   Next: 1%
Magic:  4/4        EV: 20    Int: 11    God:
Gold:   71         SH:  0    Dex: 18    Spells: 2/2 levels left

rFire    . . .     SeeInvis +   a - +0 short sword
rCold    . . .     Gourm    .   (shield restricted)
rNeg     . . .     Faith    .   b - +0 robe
rPois    .         Spirit   .   (helmet restricted)
rElec    .         Reflect  .   (no cloak)
rCorr    .         Harm     .   (gloves unavailable)
MR       .....                  (boots unavailable)
Stlth    +++.......             (no amulet)
HPRegen  0.06/turn              (no ring)
MPRegen  0.09/turn              (no ring)

@: very quick
A: very small, unfitting armour, see invisible, herbivore, speed 3, slow
metabolism 2
a: no special abilities


You were on level 5 of the Dungeon.
You were not hungry.

You visited 1 branch of the dungeon, and saw 5 of its levels.

You collected 71 gold pieces.

Inventory:

Hand Weapons
 a - a +0 short sword (weapon)
Missiles
 i - 8 tomahawks of returning (quivered)
Armour
 b - a +0 robe (worn)
Jewellery
 d - an uncursed ring of poison resistance {unknown}
Scrolls
 g - a scroll of immolation {!r, unknown}
 h - a scroll of amnesia {!r, unknown}
 k - 3 scrolls of remove curse {!r, unknown}
 l - a scroll of fog {!r, unknown}
 m - a scroll of identify {!r, unknown}
 n - a scroll of fear {!r, unknown}
Potions
 e - 2 potions of curing {!q, unknown}
 f - a potion of heal wounds {!q, unknown}
 j - a potion of might {!q, unknown}
Comestibles
 c - 3 rations


   Skills:
 - Level 2.4 Fighting
 * Level 4.1 Short Blades
 - Level 4.4 Dodging
 + Level 4.1 Stealth


You had 2 spell levels left.
You didn't know any spells.
Your spell library was empty.

Dungeon Overview and Level Annotations

Branches:
Dungeon (5/15)
 Temple: D:4-7

Altars:
Elyvilon

Annotations:
D:4 Robin


Innate Abilities, Weirdness & Mutations

You are very small and have problems with some larger weapons.
You are too small for most types of armour.
You have supernaturally acute eyesight. (SInv)
You are a herbivore.
You cover ground extremely quickly.
You need to consume almost no food.


Message History

Found 22 stones.
A bullfrog skeleton comes into view.
A goblin comes into view.
The goblin moves out of view.
Found a scroll labeled PUOSHAAFFIUSH.
The hobgoblin shouts!
You hear a shout!
Found 9 gold pieces.
You see here 22 stones.
You see here a scroll labeled PUOSHAAFFIUSH {!r}.
l - a scroll labeled PUOSHAAFFIUSH {!r} The bullfrog skeleton hits you!
Robin throws the goblin at you!
Robin roars a battlecry!
The goblins go into a battle-frenzy!
You hear a shout!
The goblin shouts!
You see here 9 gold pieces.
You now have 71 gold pieces (gained 9).
The bullfrog skeleton completely misses you.
The hobgoblin closely misses you. The bullfrog skeleton misses you.
Robin roars a battlecry!
The bullfrog skeleton closely misses you.
The goblin closely misses you. Robin throws the goblin at you!
The goblin shouts!
The goblin misses you. Robin throws the goblin at you!
The goblin barely misses you.
You see here 22 stones.
Robin roars a battlecry!
The goblin goes into a battle-frenzy!
The goblin shouts!
The hobgoblin shouts!
Robin throws the goblin at you!
* * * LOW HITPOINT WARNING * * *
The goblin closely misses you.
There is an open door here.
There is a white marble altar of Elyvilon here.
There is a stone staircase leading down here.
The ogre shouts!
You climb downwards.
There is a stone staircase leading up here.
You start resting.
A quokka comes into view.
An adder zombie comes into view.
Found a scroll labeled OMUIFA MUYZO.
You see here a scroll labeled OMUIFA MUYZO {!r}.
m - a scroll labeled OMUIFA MUYZO {!r}
Found a scroll labeled UHAELO LOUFI.
A worker ant comes into view.
A leopard gecko comes into view.
You see here a scroll labeled UHAELO LOUFI {!r}.
n - a scroll labeled UHAELO LOUFI {!r} The leopard gecko hisses angrily.
Found a shiny helmet.
The leopard gecko completely misses you.
You see here a shiny helmet.
An orc and an orc priest come into view.
The orc shouts!
You hear a shout! x2
The orc moves out of view. 3 orcs come into view.
The orc shouts! x2
The orc priest invokes the aid of Beogh against you.
Beogh smites you!
Ouch! That really hurt!
You die...

# ##. ........##
..## ........#
#..### ...oo..#
#....## .o....
#.....## ..o.## a
#......# o...### ..
#......####.....###
...
#.......#l@........
...##
#........[.###.....
.....##.......####
... #..........# .
##..#......#
#Z.##....##
#..##...##
#.###..## #.# ####


You could see an orc priest, an orc and a leopard gecko.

Vanquished Creatures
  An adder (D:3)
  A dart slug (D:2)
  A ball python (D:2)
  A giant cockroach (D:4)
  4 goblins
  2 quokkas
  2 bats (D:1)
  4 frilled lizards
  A kobold (D:2)
  2 rats
19 creatures vanquished.

Notes
Turn   | Place    | Note
-------+----------+-------------------------------------------
     0 | D:1      | Amnesiac the Spriggan Monk began the quest for the Orb.
     0 | D:1      | Reached XP level 1. HP: 11/11 MP: 2/2
   329 | D:2      | Reached XP level 2. HP: 16/16 MP: 3/3
   707 | D:4      | Noticed a bullfrog
   761 | D:4      | Noticed a scorpion
   778 | D:4      | Noticed an ogre
   806 | D:4      | Found a white marble altar of Elyvilon.
   892 | D:4      | Noticed Robin
   892 | D:4      | Noticed an ogre
   935 | D:4      | Reached XP level 3. HP: 18/19 MP: 4/4
  1033 | D:5      | Entered Level 5 of the Dungeon
  1117 | D:5      | Killed from afar by an orc priest

Vault maps used:
D:1:      dpeg_arrival_concentric_ovals, st_stairs_10
D:2:      uniq_natasha, uniq_sigmund
D:3:      first_ration, uniq_crazy_yiuf_cottage
D:4:      overflow_temple_1_default, uniq_robin
D:5:      temple_fountains, basic_altar

Skill      XL: |  1  2 |
---------------+-------+-----
Short Blades   | 4 |  4.1
Stealth        | 4 |  4.1
Fighting       | |  2.4
Dodging        | |  4.4

Action                   || total
-------------------------++-------
Melee: Short sword       ||    73
 Stab: Sleeping          ||     4
Armor: Robe              ||     7
Dodge: Dodged            ||    81

Table legend:
 A = Spawn XP
 B = Non-spawn XP
 C = Spawn XP percentage of total XP
 D = Spawn monster count
 E = Non-spawn monster count
 F = Spawn count percentage of total count
 G = Total turns spent on level
                    A         B        C        D         E        F      G
               +---------+---------+-------+---------+---------+-------+---------
         Total |       0 |      42 |   0.0 |       0 |      19 |   0.0 |  1117
               +---------+---------+-------+---------+---------+-------+---------
           D:1 |       0 |      10 |   0.0 |       0 |       8 |   0.0 |   220
           D:2 |       0 |      11 |   0.0 |       0 |       6 |   0.0 |   233
           D:3 |       0 |      17 |   0.0 |       0 |       3 |   0.0 |   228
           D:4 |       0 |       4 |   0.0 |       0 |       2 |   0.0 |   352
               +---------+---------+-------+---------+---------+-------+---------
